 Dungeon Crawl Stone Soup version 0.31.0-12-g77e489cdc1 (webtiles) character file.

Game seed: 15683083183905986700

933 beigtais the Ruffian (level 7, 25/52 HPs)
             Began as a Demonspawn Shapeshifter on Feb 16, 2024.
             Quit the game on level 7 of the Dungeon.
             The game lasted 00:19:17 (4110 turns).

beigtais the Ruffian (Demonspawn Shapeshifter)      Turns: 4110, Time: 00:19:17

Health: 25/52      AC:  6    Str: 16    XL:     7   Next: 86%
Magic:  10/10      EV: 13    Int: 10    God:
Gold:   1720       SH:  0    Dex: 13    Spells: 7/10 levels left

rFire   + .          .
                       - Unarmed
rCold   + . .        (no shield)
rNeg    + . .        m - +2 robe {rF+}
rPois   .            (helmet currently unavailable)
rElec   .            (cloak currently unavailable)
rCorr   .            (gloves currently unavailable)
SInv    .            (boots currently unavailable)
Will    .....        i - amulet of the acrobat
Stlth   ++           e - ring of protection from cold
HPRegen 0.28/turn    o - ring of positive energy
MPRegen 0.12/turn

%: acrobat
@: lethally poisoned (25 -> -2), beast-form
A: beast (slay +2), horns 2, yellow scales 1, powered by pain 1
a: Begin Untransformation


You were on level 7 of the Dungeon.
You were a hulking beast.
You visited 1 branch of the dungeon, and saw 6 of its levels.

You collected 1720 gold pieces.

Inventory:

Hand Weapons
 l - a +1 sling of flaming
Missiles
 n - 5 atropa-tipped darts (quivered)
Armour
 a - a +0 animal skin
 f - a +0 robe of positive energy
 j - a +1 pair of boots
 m - a +2 robe of fire resistance (worn)
Jewellery
 e - a ring of protection from cold (left hand)
 i - an amulet of the acrobat (around neck)
 k - a ring of wizardry
 o - a ring of positive energy (right hand)
 t - an amulet of reflection
Talismans
 c - a beast talisman
 d - a flux talisman
Wands
 h - a wand of roots (9)
Scrolls
 g - a scroll of teleportation
 q - a scroll of revelation
 r - a scroll of fog {unknown}
 u - a scroll of vulnerability {unknown}
Potions
 b - a potion of lignification
 s - a potion of haste


   Skills:
 * Level 3.0 Fighting
 + Level 0.1 Throwing
 * Level 3.8 Dodging
 + Level 1.3 Stealth
 * Level 6.0 Unarmed Combat
 * Level 2.1 Spellcasting
 * Level 3.9 Shapeshifting


You had 7 spell levels left.
You knew the following spells:

 Your Spells              Type           Power      Damage    Failure   Level
a - Blink                 Tloc           2%         N/A       43%         2
b - Magic Dart            Conj           4%         1d3       30%         1

Your spell library contained the following spells:

 Spells                   Type           Power      Damage    Failure   Level
 Sting                    Conj/Alch      4%         1d3       30%         1
 Lesser Beckoning         Tloc           2%         N/A       43%         2
 Mercury Vapours          Alch/Air       2%         N/A       43%         2
 Momentum Strike          Conj/Tloc      2%         3d8       43%         2
 Searing Ray              Conj           2%         2d4       43%         2
 Fulminant Prism          Conj/Alch      0%         3d5       97%         4
 Olgreb's Toxic Radiance  Alch           1%         N/A       97%         4
 Chain Lightning          Conj/Air       0%         2d1       100%        9
 Fire Storm               Conj/Fire      0%         6d1       100%        9
 Shatter                  Erth           0%         3d5*      100%        9


Dungeon Overview and Level Annotations

Branches:
Dungeon (7/15)
 Temple: D:4-7

Altars:

Shops:
D:1 (


Innate Abilities, Weirdness & Mutations

You are a hulking beast.
Your limbs bulge with bestial killing power. (Slay +2)
You have a pair of horns on your head.
You are partially covered in yellow scales. (AC +2)
You sometimes gain a little power by taking damage.


Message History

The kobold throws a stone.
The stone closely misses you.
The kobold throws a stone.
The stone closely misses you.
The kobold throws a stone.
The stone closely misses you.
You punch the kobold brigand!
Your headbutt misses the kobold brigand.
The kobold brigand is heavily wounded.
You hit the kobold brigand but do no damage.
Your headbutt misses the kobold brigand.
The kobold brigand is heavily wounded.
The kobold brigand hits you but does no damage.
You are poisoned.
You punch the kobold brigand!
The kobold brigand is severely wounded.
You feel very sick.
The kobold brigand hits you with a +0 short sword of venom!
You are more poisoned.
You hit the kobold brigand.
The kobold brigand is severely wounded.
The sentinel's mark upon you fades away.
You feel very sick.
The kobold brigand hits you with a +0 short sword of venom.
You are more poisoned.
You hit the kobold brigand.
The kobold brigand is severely wounded.
You feel very sick. The kobold brigand closely misses you.
A kobold comes into view.
It is wielding a +0 club and quivering darts of dispersal.
You closely miss the kobold brigand.
The kobold brigand is severely wounded.
You feel very sick.
The kobold brigand hits you but does no damage.
You are lethally poisoned!
You are too injured to fight recklessly!
You are too injured to fight recklessly!
You are too injured to fight recklessly!
You are too injured to fight recklessly!
You are too injured to fight recklessly!
You are too injured to fight recklessly!
Okay, then.
Are you sure you want to abandon this character and quit the game? (Confirm with "yes".)

,,,,,,,,########.#
******,,.KK.KK...#
*,,,,########K#
*,*,******* #K#
*,*,,,,,,,* #K#
****,*******,* #K#
,,,*,* *,* #K#
*,*,,* #.# #K#
,***,** #.# #h# **
**,* #.# #.#
,***,** #.# #.#
*,*,** #.# #.#
**,** #.# #.#
*,#########^###.#
##,#.............#
..,#.#######.#####
.###.#######.#


You could see a kobold brigand and 5 kobolds.

Vanquished Creatures
  Sigmund (D:3)
  A water moccasin (D:6)
  An ice beast (D:7)
  An ogre (D:7)
  A bullfrog (D:7)
  2 jellies
  A gnoll bouda (D:7)
  A hound (D:7)
  An iguana (D:6)
  3 orc wizards
  10 adders
  5 gnolls
  A shadow imp (D:7)
  A ribbon worm (D:3)
  11 orcs
  4 endoplasms
  2 giant cockroaches
  4 goblins
  6 hobgoblins
  4 jackals (D:3)
  6 kobolds
  2 quokkas
  3 ball pythons
  A bat (D:1)
  2 frilled lizards
  4 rats
79 creatures vanquished.

Notes
Turn   | Place    | Note
-------+----------+-------------------------------------------
     0 | D:1      | beigtais the Demonspawn Shapeshifter began the quest for
                  | the Orb.
     0 | D:1      | Reached XP level 1. HP: 15/15 MP: 1/1
   279 | D:1      | Found Efuent's Antique Weapon Shoppe.
   529 | D:1      | Gained mutation: You are partially covered in yellow
                  | scales. (AC +2) [demonic ancestry]
   529 | D:1      | Reached XP level 2. HP: 17/21 MP: 2/2
   904 | D:1      | Found a faded altar of an unknown god.
  1088 | D:2      | Reached skill level 3 in Unarmed Combat
  1088 | D:2      | Gained mutation: You have a pair of small horns on your
                  | head. [demonic ancestry]
  1088 | D:2      | Reached XP level 3. HP: 22/26 MP: 3/3
  1142 | D:2      | Learned a level 2 spell: Blink
  1682 | D:3      | Reached XP level 4. HP: 32/32 MP: 3/5
  1815 | D:3      | Noticed Sigmund
  1836 | D:3      | Killed Sigmund
  1837 | D:3      | Reached skill level 4 in Unarmed Combat
  1837 | D:3      | Reached skill level 1 in Spellcasting
  1837 | D:3      | Reached XP level 5. HP: 18/38 MP: 6/6
  2514 | D:3      | Gained mutation: You sometimes gain a little power by
                  | taking damage. [demonic ancestry]
  2514 | D:3      | Reached XP level 6. HP: 22/44 MP: 6/8
  2741 | D:4      | You fall into a shaft and drop 3 floors!
  2758 | D:7      | Reached skill level 1 in Stealth
  2812 | D:7      | Learned a level 1 spell: Magic Dart
  2858 | D:6      | Reached skill level 5 in Unarmed Combat
  3135 | D:6      | Noticed a water moccasin
  3149 | D:6      | Killed a water moccasin
  3150 | D:6      | Gained mutation: You have a pair of horns on your head.
                  | [demonic ancestry]
  3150 | D:6      | Reached XP level 7. HP: 12/51 MP: 9/9
  3910 | D:7      | Reached skill level 6 in Unarmed Combat
  4026 | D:7      | Identified 2 scrolls of acquirement
  4026 | D:7      | Acquired 710 gold pieces
  4028 | D:7      | Acquired 830 gold pieces
  4110 | D:7      | Quit the game

Illustrated notes

Levels and vault maps discovered:
D:1:      minmay_arrival_open_corners, layout_loops_corners, serial_shops, shop,
          shapermc_ecumenical_altar_hornbeckon
D:2:      layout_loops_ring
D:3:      layout_rooms, uniq_sigmund
D:4:      layout_cave_pools, minmay_temple_entry_wispy, chequers_garden
D:6:      layout_basic
D:7:      layout_loops_ring

Skill      XL: |  1  2  3  4  5  6  7 |
---------------+----------------------+-----
Shapeshifting  | 3 |  3.9
Unarmed Combat | 3 4 5 6 |  6.0
Dodging        | 2 3 |  3.8
Fighting       | 2 3 |  3.0
Spellcasting   | 1 2 |  2.1
Stealth        | 1 |  1.3
Throwing       | |  0.1

Action                     |  1- 3 |  4- 6 |  7- 9 || total
---------------------------+-------+-------+-------++-------
  Melee: Unarmed           |    96 |   128 |    58 ||   282
         Headbutt          |     5 |    30 |     9 ||    44
         Punch             |     1 |     1 |     2 ||     4
  Throw: Dart              |       |     4 |     1 ||     5
    Use: Potion            |     1 |     3 |     1 ||     5
         Scroll            |     1 |     4 |     2 ||     7
   Stab: Sleeping          |     3 |     2 |       ||     5
 Armour: Animal skin       |    40 |     7 |       ||    47
         Skin              |       |     4 |       ||     4
         Robe              |       |    73 |    35 ||   108
  Dodge: Dodged            |    52 |   113 |    48 ||   213
